 Dungeon Crawl Stone Soup version 0.29-a0-289-g2178c42546 (webtiles) character file.

Game seed: 9602132519092653920

21 sanka the Ducker (level 2, -4/29 HPs)
             Began as a Gnoll Monk on Mar 17, 2022.
             Killed by nerve-wracking pain
             ... invoked by Jessica
              (13 damage)
             ... on level 2 of the Dungeon.
             The game lasted 00:00:55 (1296 turns).

sanka the Ducker (Gnoll Monk)                       Turns: 1296, Time: 00:00:56

Health: -4/29      AC:  2    Str: 10    XL:     2   Next: 83%
Magic:  2/2        EV: 15    Int:  9    God:
Gold:   72         SH:  0    Dex: 14    Spells: 2/2 levels left

rFire   . . .      SeeInvis .   j - +2 short sword (venom)
rCold   . . .      Faith    .   (no shield)
rNeg    . . .      Spirit   .   b - +0 robe
rPois   .          Reflect  .   (no helmet)
rElec   .          Harm     .   (no cloak)
rCorr   .          Rampage  .   (no gloves)
Will    .....                   (no boots)
Stlth   +++.......              (no amulet)
HPRegen 0.09/turn               (no ring)
MPRegen 0.08/turn               (no ring)

@: no status effects
A: fangs 1, strong nose, distributed training
a: no special abilities


You were on level 2 of the Dungeon.
You visited 1 branch of the dungeon, and saw 2 of its levels.

You collected 72 gold pieces.


Innate Abilities, Weirdness & Mutations

You have very sharp teeth.
Your uncanny sense of smell can sniff out nearby items.
Your experience applies equally to all skills.


   Skills:
 + Level 6.5 Fighting
 + Level 0.5 Short Blades
 + Level 0.5 Long Blades
 + Level 6.5 Axes
 + Level 0.5 Maces & Flails
 + Level 0.5 Polearms
 + Level 0.5 Staves
 + Level 0.5 Slings
 + Level 0.5 Bows
 + Level 0.5 Crossbows
 + Level 0.5 Throwing
 + Level 0.5 Armour
 + Level 6.5 Dodging
 + Level 4.1 Stealth
 + Level 0.5 Shields
 + Level 0.5 Unarmed Combat
 + Level 0.5 Spellcasting
 + Level 0.3 Conjurations
 + Level 0.3 Hexes
 + Level 0.3 Summonings
 + Level 0.3 Necromancy
 + Level 0.3 Translocations
 + Level 0.3 Transmutations
 + Level 0.3 Fire Magic
 + Level 0.3 Ice Magic
 + Level 0.3 Air Magic
 + Level 0.3 Earth Magic
 + Level 0.3 Poison Magic
 + Level 0.6 Invocations
 + Level 0.5 Evocations


You had 2 spell levels left.
You didn't know any spells.
Your spell library contained the following spells:

 Spells                   Type           Power      Damage    Failure   Level
 Inner Flame              Hex/Fire       0%         N/A       71%         3
 Cause Fear               Hex            0%         N/A       98%         4
 Discord                  Hex            0%         N/A       100%        8

Inventory:

Hand Weapons
 a - a +0 hand axe
 j - a +2 short sword of venom (weapon)
Armour
 b - a +0 robe (worn)
Magical Staves
 i - a staff of air
Wands
 k - a wand of paralysis (8)
Scrolls
 d - a scroll of vulnerability {unknown}
 f - a scroll of teleportation {unknown}
 h - a scroll of identify {unknown}
Potions
 c - a potion of ambrosia
 e - a potion of haste {unknown}
 g - 2 potions of curing {unknown}

Dungeon Overview and Level Annotations

Branches:
Dungeon (2/15)

Altars:

Annotations:
D:2 Jessica

▒.▒.▒▒.▒
▒▒.▒...
▒......▒
▒▒>▒▒▒
▒▒▒.▒▒▒▒
▒▒▒ ▒
▒......▒▒▒
▒
▒.▒......▒
▒
▒.▒..▒.▒.▒
▒ ▒
▒....▒.▒ ▒
▒▒.▒.▒.▒ ▒
▒g....▒
▒..S@..▒▒▒
▒▒▒▒▒▒.▒
▒... ▒▒▒▒.
.. .


You could see an adder and Jessica.


Message History

You closely miss the adder. The adder misses you.
You miss the adder. The adder barely misses you.
You completely miss the adder. The adder closely misses you.
Jessica mumbles some strange words.
Jessica blinks!
The adder bites you.
Unknown command.
You barely miss Jessica. Jessica misses you. The adder closely misses you.
You closely miss Jessica. The adder barely misses you.
Jessica casts a spell at you. Pain shoots through your body!
* * * LOW HITPOINT WARNING * * *
The adder misses you.
Unknown command.
You barely miss Jessica. You punch Jessica, but do no damage.
Jessica hits you with a +5 club.
* * * LOW HITPOINT WARNING * * *
The adder completely misses you.
Unknown command.
You closely miss Jessica. Jessica casts a spell at you.
Pain shoots through your body!
You die...

Action                   || total
-------------------------++-------
Melee: Hand axe          ||    37
       Bite              ||     2
       Short sword       ||    12
       Punch             ||     2
 Stab: Sleeping          ||     4
Armor: Robe              ||     7
Dodge: Dodged            ||    18

Levels and vault maps discovered:
D:1:      nicolae_arrival_washed_ashore, layout_basic
D:2:      layout_loops_cross, minmay_tromino_v4_b, uniq_jessica, uniq_sigmund

Notes
Turn   | Place    | Note
-------+----------+-------------------------------------------
     0 | D:1      | sanka the Gnoll Monk began the quest for the Orb.
     0 | D:1      | Reached XP level 1. HP: 23/23 MP: 1/1
   293 | D:1      | Reached XP level 2. HP: 27/29 MP: 2/2
  1289 | D:2      | Noticed Jessica
  1296 | D:2      | Killed from afar by Jessica

Vanquished Creatures
  An endoplasm (D:1)
  6 goblins (D:1)
  4 hobgoblins
  2 ball pythons (D:1)
  A bat (D:1)
  A kobold (D:2)
  4 rats (D:1)
19 creatures vanquished.
